← All builds
Air / Cortex / Economy first / OBSERVED BUILD

Standard air

Cortex Air build order · Supreme Isthmus

The usual Cortex air game: Aircraft Plant just after the start, Advanced Metal Extractor around 7 minutes and Fusion Reactor around 11 minutes, making transports and fighters for the team while scaling economy normally.

Usually transports first (72%)

#eco #team support #air · 555 distinct matches · 116 players · 79% of Cortex Air games · team won 47% of 624 · Recently observed

HOW TO PLAY IT

Key timing: Aircraft Plant by 1:23

  1. Take 3 mex and open straight into Aircraft Plant.
  2. Finish Aircraft Plant, start pumping Valiant for escort duty.
  3. Get T2 constructor going to scale eco alongside air production.
  4. Add Advanced Metal Extractor to keep pace with team's economy.
  5. Bring Fusion Reactor online, keep making Hercules and Finch for allies.

Phase by phase

TYPICAL OF ITS 555 GAMES
  1. 1
  2. 2
  3. 3
PLAY THE OPENING

Follow the example game's first 6:00 step by step: what to build now, what comes next, and where it goes. At 1× it keeps pace with your own game.

  1. 1

    Up to the Aircraft Plant

    Economy
    • Metal Extractor3Mex
    • Wind Turbine4Wind
    Order
    1. Aircraft PlantAircraft Plant after 3 mex, 4 winddone ~1:22, middle half 1:13–1:35

    Some games also: energy storage (38%)

    By 1:03 in all: 3 mex · 4 wind

    The example game in this phase · 4 steps
    1. Mex ×3
    2. Wind ×5
    3. Energy storage
    4. Aircraft PlantAircraft Plantdone 1:39 · typical 1:22
  2. 2

    Aircraft Plant to 5:00

    Economy
    • Metal Extractor1Mex
    • Wind Turbine9Wind
    • Wind Turbine3Wind
    Builders
    • Construction Turret2 Con turret
    • Construction Aircraft1 Con aircraft
    Army
    • Valiant5 Valiant
    • Finch2 Finch for allies
    • Hercules2 Light transport for allies
    • Hephaestus1 Heavy transport for allies
    • Shuriken1 Shuriken

    Some games also: energy storage (45%) · light transport (44%) · converter (39%) · con turret (33%)

    By 5:00 in all: 3 mex · 1 mex · 13 wind · 3 wind · 1 energy storage · 2 con turret

    The example game in this phase · 31 steps
    1. FinchFinch ×2for Geo sea
    2. HerculesLight transportfor Geo sea
    3. HephaestusHeavy transportfor Beach sea
    4. Construction AircraftCon aircraft
    5. Con turret
    6. ValiantValiant
    7. Wind
    8. ValiantValiant
    9. Converter
    10. Wind
    11. ValiantValiant
    12. Wind
    13. Mex
    14. Wind
    15. ValiantValiant
    16. Wind
    17. HerculesLight transportfor Tech
    18. Wind ×2
    19. Converter
    20. Wind ×2
    21. Converter
    22. Wind ×2
    23. Converter
    24. Wind
    25. ValiantValiant
    26. Converter
    27. Wind
    28. ValiantValiant ×2
    29. Wind ×3
    30. Construction AircraftCon aircraft
    31. Wind ×2
  3. 3

    5:00 to 10:00

    Economy
    • Wind Turbine20Wind
    • Wind Turbine5Wind
    • Energy Converter6Converter
    Order
    1. Aircraft PlantAircraft Plant after 18 wind, 17 wind, 6 converterin 58% of games
    Builders
    • Construction Turret4 Con turret
    Army
    • Valiant9 Valiant
    • Shuriken1 Shuriken

    Some games also: con aircraft (36%) · fusion (33%) · light transport (31%)

    By 10:00 in all: 3 mex · 1 mex · 24 wind · 20 wind · 8 converter · 1 energy storage

    The example game in this phase · 126 steps
    1. Con turret
    2. Wind ×5
    3. Con turret
    4. Wind ×2
    5. ShurikenShuriken
    6. Wind
    7. Converter
    8. Wind
    9. ShurikenShuriken
    10. Wind
    11. Converter
    12. Wind
    13. ShurikenShuriken
    14. Wind ×2
    15. Converter
    16. Wind
    17. ShurikenShuriken
    18. Wind
    19. Advanced Metal ExtractorT2 mexdone 7:37 · typical 6:50
    20. Wind
    21. Converter
    22. Wind ×7
    23. Converter
    24. Wind ×2
    25. Converter
    26. Advanced Metal ExtractorT2 mex
    27. Wind
    28. Advanced Metal ExtractorT2 mex
    29. Wind
    30. Converter
    31. Aircraft PlantAircraft Plantdone 8:26
    32. Wind
    33. HerculesLight transportfor Geo
    34. Advanced Metal ExtractorT2 mex
    35. Wind
    36. ShurikenShuriken
    37. Wind
    38. ShurikenShuriken ×2
    39. Wind
    40. ShurikenShuriken
    41. HephaestusHeavy transportfor Pond
    42. ShurikenShuriken ×2
    43. Wind
    44. ShurikenShuriken ×3
    45. Wind
    46. ValiantValiant
    47. Wind
    48. ValiantValiant
    49. Con turret
    50. Fusion ReactorFusiondone 10:48 · typical 10:56
    51. Con turret ×2
    52. HerculesLight transportfor Pond
    53. Wind
    54. ValiantValiant ×3
    55. Wind
    56. ValiantValiant ×2
    57. Aircraft PlantAircraft Plantfor Geodone 11:20
    58. ValiantValiant
    59. Wind
    60. ValiantValiant
    61. Wind
    62. ValiantValiant
    63. Wind
    64. ValiantValiant ×9
    65. Wind
    66. ValiantValiant ×4
    67. Wind
    68. ValiantValiant ×3
    69. Wind
    70. ValiantValiant ×2
    71. Con turret
    72. Wind
    73. Con turret
    74. ValiantValiant ×3
    75. Wind
    76. Con turret
    77. Wind
    78. HephaestusHeavy transport
    79. Con turret
    80. Wind
    81. Con turret ×2
    82. Wind
    83. Con turret ×2
    84. Wind
    85. ShurikenShuriken ×2
    86. Wind
    87. ShurikenShuriken ×6
    88. Wind
    89. ShurikenShuriken ×2
    90. ValiantValiant ×3
    91. Wind
    92. ValiantValiant ×4
    93. Wind
    94. ValiantValiant ×3
    95. Wind
    96. ValiantValiant ×5
    97. Wind
    98. ValiantValiant ×4
    99. Wind
    100. ValiantValiant ×4
    101. Wind
    102. ValiantValiant ×4
    103. Wind
    104. ValiantValiant ×5
    105. Wind
    106. ValiantValiant ×3
    107. Wind
    108. ValiantValiant ×2
    109. Wind
    110. ValiantValiant ×4
    111. Wind
    112. ValiantValiant ×3
    113. Wind
    114. ValiantValiant ×2
    115. Wind
    116. ValiantValiant ×3
    117. Wind
    118. ValiantValiant ×3
    119. HerculesLight transport
    120. Wind
    121. ValiantValiant ×4
    122. Wind
    123. ValiantValiant ×5
    124. Wind
    125. Fusion ReactorFusion
    126. Wind

Counts are medians over the build's games: half of them build more, half fewer. The example game is PixelPeeker's (42 OS, 06/09/2026); pick another.

Team trades

IN AT LEAST 30% OF ITS GAMES

You hand over

  • Finch2 Finch to Geo sea or Beach seafirst at 1:51 · in 96% of games
  • Hercules3 Light transport to Tech or Geo sea or Geofirst at 2:06 · in 99% of games
  • Hephaestus1 Heavy transport to Beach sea or Pond or Techfirst at 2:26 · in 74% of games

You get

  • Wind Turbine3 Wind from Beach sea or Geo seafirst at 1:40 · in 64% of games
  • Wind Turbine3 Wind from Beach sea or Geo sea or Pondfirst at 1:44 · in 48% of games
  • Construction Bot1 Con bot from Techfirst at 2:20 · in 85% of games
  • Advanced Construction Bot1 T2 con bot from Techfirst at 6:03 · in 94% of games

How it plays out

Typical game of this build, running totals by minute

Metal produced

010k20k30k
0:005:0010:0015:00

metal

Enemy metal destroyed

01k2k3k
0:005:0010:0015:00

metal

Own metal lost

01k2k3k
0:005:0010:0015:00

metal

624 games.

Show as table
ByMetal produced: This buildEnemy metal destroyed: This buildOwn metal lost: This build
1:0039300
2:0092500
3:00145900
4:002053051
5:00276573109
6:003759125167
7:005136190219
8:007017225290
9:009298258342
10:0011788328471
11:0014383440641
12:0017097606958
13:00199439331269
14:002265314171801
15:002554320602701
WHAT THE NUMBERS SAY

This is the role's standard support job, winning less than half its games while producing little combat impact but reliably feeding transports and scouts to teammates.

  • + Reaches Aircraft Plant almost immediately (1:23), fast T2 constructor by 5:58.
  • + Keeps own losses low (2789 by 15:00) versus other roles.
  • − Destroys only 2027 enemy metal by 15:00, minimal combat contribution.
  • − Fusion Reactor only completes in 57% of games, some games stall on eco.
THE EXAMPLE YOU ARE READING

PixelPeeker

42.5 OS · 06/09/2026

Open source match ↗

16 received units · includes a constructor
55 metal received · 127734 energy received

Allied construction assistance is unknown. Timings are observations, not a promise of solo reproducibility.

Typical milestones

Aircraft Plant1:22Middle 50%: 1:13–1:35 · n=624
Advanced Metal Extractor6:50Middle 50%: 6:21–7:26 · n=599
Fusion Reactor10:56Middle 50%: 10:03–12:16 · n=383

Played most by

DRM37games of this buildAdeus33games of this buildCentientWaffle32games of this buildNutzz28games of this buildImmort26games of this build